 Dungeon Crawl Stone Soup version 0.20-a0-148-gb6cfb21 (webtiles) character file.

13 mopl the Vexing (level 2, 0/11 HPs)
             Began as a Felid Enchanter on Nov 21, 2016.
             Slain by a bat (1 damage)
             ... on level 1 of the Dungeon.
             The game lasted 00:00:45 (433 turns).

mopl the Vexing (Felid Enchanter)                    Turns: 433, Time: 00:00:46

Health: 0/11       AC:  1    Str:  4    XL:     2   Next: 24%
Magic:  6/6        EV: 18    Int: 16    God:
Gold:   9          SH:  0    Dex: 16    Spells: 2/5 levels left
                                        Lives:  0   Deaths: 0

rFire  . . .     SeeInvis +       - Unarmed
rCold  . . .     Gourm    .     (armour unavailable)
rNeg   . . .     Faith    .     (shield unavailable)
rPois  .         Spirit   .     (helmet unavailable)
rElec  .         Reflect  .     (cloak unavailable)
rCorr  .         Harm     .     (gloves unavailable)
MR     .....                    (boots unavailable)
Stlth  +++.......               (no amulet)
                                (no ring)
                                (no ring)

@: quick
A: no armour, no weapons or thrown items, stealth, claws 1, fangs 3, see
invisible, carnivore 3, speed 1, shaggy fur 1, slow metabolism 1, sharp paws
a: no special abilities


You were on level 1 of the Dungeon.
You were very full.

You visited 1 branch of the dungeon, and saw 1 of its levels.

You collected 9 gold pieces.

Inventory:

Scrolls
 d - a scroll of fear {unknown}
 e - a scroll of remove curse {unknown}
Books
 a - a book of Maledictions

   Spells                             Type                      Level
   a - Corona                         Hexes                        1
   b - Ensorcelled Hibernation        Hexes/Ice                    2
   c - Confuse                        Hexes                        3
   d - Tukima's Dance                 Hexes                        3
   e - Dazzling Spray                 Conjuration/Hexes            3
Comestibles
 b - a meat ration


   Skills:
 - Level 2.6 Dodging
 * Level 4.4 Stealth
 + Level 1.3 Unarmed Combat
 + Level 2.2 Spellcasting
 * Level 4.6 Hexes
 + Level 0.0 Ice Magic


You had 2 spell levels left.
You knew the following spells:

 Your Spells              Type           Power        Failure   Level  Hunger
a - Corona                Hex            ###....      3%          1    #......
b - Ensorcelled Hibernat  Hex/Ice        #.....       14%         2    ###....


Dungeon Overview and Level Annotations

Branches:
Dungeon (1/15)

Altars:


Innate Abilities, Weirdness & Mutations

You cannot wear armour.
You are incapable of wielding weapons or throwing items.
Your paws allow you to move quietly. (Stealth)
You have sharp claws.
You have razor-sharp teeth.
You have supernaturally acute eyesight. (SInv)
You are carnivorous and can eat meat at any time.
You cover ground quickly.
You are covered in fur. (AC +1)
You have a slow metabolism.
Your sharp claws are effective at attacking unaware monsters.


Message History

HP restored.
You see here 22 arrows.
A bat and a rat come into view.
A rat and a hobgoblin come into view.
Found a mace.
A giant cockroach comes into view.
The hobgoblin shouts!
Found a silvery potion.
The hobgoblin closely misses you.
You scratch the hobgoblin.
The hobgoblin is heavily wounded.
The rat twitches its whiskers.
The rat bites you. The hobgoblin hits you.
You closely miss the hobgoblin. Your bite misses the hobgoblin.
The hobgoblin is heavily wounded.
The rat bites you. The hobgoblin hits you.
* * * LOW HITPOINT WARNING * * *
The bat misses you. The bat hits you.
You die...

...##.......#..#.....#
.....#.......#........#
....#..................#
................#......#
.........##....(.......#
.......................#
.......#.#..(..##......#
.......................#
..#...rb@#..#######(...#
......r.#..## #....#
..#.)sg##### ##...#
#.... ###.# #.... #.#
....!. #.# .###### #.##
#..# ####


You could see a giant cockroach, a hobgoblin, a bat and 2 rats.

Vanquished Creatures
  2 dart slugs (D:1)
  A giant cockroach (D:1)
  A goblin (D:1)
  A kobold (D:1)
  3 bats (D:1)
  A frilled lizard (D:1)
9 creatures vanquished.

Vanquished Creatures (others)
  14 toadstools (D:1)
14 creatures vanquished.

Grand Total: 23 creatures vanquished

Notes
Turn   | Place    | Note
-------+----------+-------------------------------------------
     0 | D:1      | mopl the Felid Enchanter began the quest for the Orb.
     0 | D:1      | Reached XP level 1. HP: 7/7 MP: 4/4
   104 | D:1      | Reached XP level 2. HP: 9/11 MP: 3/6
   125 | D:1      | Learned a level 2 spell: Ensorcelled Hibernation
   433 | D:1      | Slain by a bat

Vault maps used:
D:1:      nagdon_arrival_zigzag_paths, minmay_misc_feat_nine_boxes,
          minmay_misc_feat_enclosed

Action                   || total
-------------------------++-------
Melee: Unarmed           ||    39
       Bite              ||     2
 Cast: Corona            ||     3
       Ensorcelled Hiber ||     1
 Stab: Sleeping          ||     2
  Eat: Chunk             ||     6
Armor: Skin              ||     4
Dodge: Dodged            ||    42
